 Dungeon Crawl Stone Soup version 0.26-a0-707-g31817bcca1 (webtiles) character file.

Game seed: 13146982864956783654

152 P0NYSLAYSTATION the Skirmisher (level 5, -3/47 HPs)
             Began as a Hill Orc Monk on Oct 27, 2020.
             Slain by an adder (4 damage)
             ... on level 2 of the Dungeon.
             The game lasted 00:08:56 (1969 turns).

P0NYSLAYSTATION the Skirmisher (Hill Orc Monk)      Turns: 1969, Time: 00:08:56

Health: -3/47      AC:  2    Str: 15    XL:     5   Next: 34%
Magic:  5/5        EV: 13    Int: 10    God:
Gold:   60         SH:  0    Dex: 13    Spells: 4/4 levels left

rFire    . . .     SeeInvis .   a - +0 spear
rCold    . . .     Faith    .   (no shield)
rNeg     . . .     Spirit   .   b - +0 robe
rPois    .         Reflect  .   (no helmet)
rElec    .         Harm     .   (no cloak)
rCorr    .         Rampage  .   (no gloves)
MR       .....                  (no boots)
Stlth    ++........             (no amulet)
HPRegen  0.15/turn              (no ring)
MPRegen  0.09/turn              (no ring)

@: brilliant, flying
A: no striking features
a: no special abilities


You were on level 2 of the Dungeon.
You visited 1 branch of the dungeon, and saw 5 of its levels.
You also visited: Sewer.

You collected 60 gold pieces.

Inventory:

Hand Weapons
 a - a +0 spear (weapon)
Missiles
 e - 16 stones (quivered)
Armour
 b - a +0 robe (worn)
Scrolls
 c - a scroll of amnesia
 d - a scroll of teleportation {unknown}
 f - a scroll of enchant weapon {unknown}
 g - a scroll of identify {unknown}
 h - a scroll of blinking
 i - a scroll of fear
Potions
 j - a potion of flight
 l - a potion of invisibility {unknown}
 m - a potion of stabbing {unknown}


   Skills:
 + Level 4.8 Fighting
 + Level 4.8 Polearms
 + Level 3.1 Dodging
 + Level 2.0 Stealth


You had 4 spell levels left.
You didn't know any spells.
Your spell library was empty.

Dungeon Overview and Level Annotations

Branches:
Dungeon (5/15)              Sewer (visited)
 Temple: D:4-7

Altars:
Dithmenos
Nemelex Xobeh

Annotations:
D:4 Eustachio


Message History

The rat closely misses you.
The shadow imp summons a swarm of flies.
The rat barely misses you. The rat bites you.
* * * LOW HITPOINT WARNING * * *
Found a scroll labeled XOSENU AZONG.
The adder misses you.
There is a stone staircase leading up here.
The rat bites you but does no damage. The adder misses you.
You fly upwards.
Found 34 stones and 11 arrows.
There is a stone staircase leading down here.
Okay, then.
The adder bites you.
* * * LOW HITPOINT WARNING * * *
It was a potion of brilliance.
You feel clever all of a sudden. The adder barely misses you.
The rat bites you but does no damage. The adder bites you.
You die...

#.. #.####
#.#..#
######....##
#....(.....#
#..........#
#..........#
#.....@....#
#....rS....#
#..........#
#..........#
+...>......#
#......(...#
#..........#
#..........#
####+###+###


You could see an adder and a rat.

Vanquished Creatures
  A centaur (D:5)
  A worker ant (D:5)
  A gnoll (D:4)
  A river rat (D:4)
  A leopard gecko (Sewer)
  2 giant cockroaches
  2 hobgoblins
  4 jackals (Sewer)
  5 kobolds
  A quokka (D:2)
  4 ball pythons (Sewer)
  7 bats
  4 frilled lizards
  2 rats (D:4)
36 creatures vanquished.

Notes
Turn   | Place    | Note
-------+----------+-------------------------------------------
     0 | D:1      | P0NYSLAYSTATION the Hill Orc Monk began the quest for the
                  | Orb.
     0 | D:1      | Reached XP level 1. HP: 19/19 MP: 1/1
   120 | D:2      | Found a sparkling altar of Nemelex Xobeh.
   246 | D:2      | Found a shadowy altar of Dithmenos.
   276 | D:2      | Noticed a worker ant
   378 | D:1      | You fall into a shaft and drop 1 floor!
   396 | D:2      | Reached XP level 2. HP: 25/27 MP: 2/2
   698 | D:5      | Entered Level 5 of the Dungeon
   716 | D:5      | Reached XP level 3. HP: 33/33 MP: 3/3
   758 | D:5      | Noticed a centaur
   768 | D:5      | Killed a centaur
   768 | D:5      | Reached XP level 4. HP: 11/41 MP: 4/4
  1009 | D:5      | Noticed a two-headed ogre
  1279 | D:4      | Reached XP level 5. HP: 47/47 MP: 5/5
  1316 | D:4      | Found a glowing drain.
  1334 | Sewer    | Entered a sewer
  1912 | D:4      | Noticed Eustachio
  1967 | D:2      | HP: 1/47 [adder (3)]
  1969 | D:2      | Slain by an adder

Illustrated notes

Levels and vault maps discovered:
D:1:      elethiomel_arrival_infinity_welcomes_careful_drivers, layout_basic,
          kennysheep_small_spiral
D:2:      layout_basic, okawaru_altar_gauntlet_db, overflow_temple_1_default,
          lemuel_crystal_altar, lemuel_doored_altar, uniq_natasha
D:3:      layout_basic
D:4:      layout_loops_corners, portal_sewer_entry_b,
          chequers_serial_rivers_micro_d, uniq_eustachio
D:5:      layout_basic, kennysheep_generic_room_14

Skill      XL: |  1  2  3  4  5 |
---------------+----------------+-----
Fighting       | 4 |  4.8
Polearms       | 4 |  4.8
Dodging        | 3 |  3.1
Stealth        | 2 |  2.0

Action                   |  1- 3 |  4- 6 || total
-------------------------+-------+-------++-------
Melee: Spear             |    93 |   125 ||   218
Throw: Stone             |     1 |     2 ||     3
  Use: Potion            |     1 |     2 ||     3
       Scroll            |       |     3 ||     3
 Stab: Distracted        |     1 |       ||     1
       Sleeping          |       |     1 ||     1
Armor: Robe              |     4 |    31 ||    35
       Skin              |    12 |       ||    12
Dodge: Dodged            |    37 |    99 ||   136

Table legend: (Time is in decaauts)
 A = Elapsed time spent in this place.
 B = Non-inter-level travel time spent in this place.
 C = Inter-level travel time spent in this place.
 D = Time resting spent in this place.
 E = Time spent auto-exploring this place.
 F = Levels seen in this place.
 G = Mean time per level.
                   A        B        C        D        E       F      G
               +--------+--------+--------+--------+--------+-----+--------+
         Total |   2034 |   2034 |      0 |    190 |   1160 |   6 |  339.0 |
       Dungeon |   1389 |   1389 |      0 |    190 |    720 |   5 |  277.8 |
         Sewer |    644 |    644 |      0 |      0 |    440 |   1 |  644.0 |
               +--------+--------+--------+--------+--------+-----+--------+

Top non-repeatable levels by time:
   Sewer: 644 daAuts
     D:4: 380 daAuts
     D:5: 324 daAuts
     D:2: 243 daAuts
     D:1: 224 daAuts
     D:3: 216 daAuts
